| TOP OF THE 1ST |
|
Florida State University Seminoles batting - Pitching for Coastal Carolina University Chanticleers : RHP Oscar Fajardo
|
|
Pitching: RHP Oscar Fajardo
|
|
|
Batting: RHB Larry Berge
|
0-0: Called Strike 0-1: Ball 1-1: Called Strike 1-2: Ball 2-2: Hit by Pitch
|
|
Batting: RHB Ray Johnson
|
0-0: Fielders Choice at 2nd, 4-6 (Groundball, 4, EV 77.5 MPH)
|
|
Batting: LHB Ethan Ware
|
0-0: Ball Ray Johnson is caught stealing 2nd base 2-6 1-0: SOLO HOME RUN (Flyball, 9D, EV 97.5 MPH), Distance : 367 ft
|
|
Batting: RHB Ed Vilches
|
0-0: Ball 1-0: Ground out U3 (Groundball, 34S, EV 78.8 MPH)
|
| Top of the 1st over - 1 run, 1 hit, 0 errors, 0 left on base; Florida State University 1 - Coastal Carolina University 0 |
| BOTTOM OF THE 1ST |
|
Coastal Carolina University Chanticleers batting - Pitching for Florida State University Seminoles : RHP Alex Navarro
|
|
Pitching: RHP Alex Navarro
|
|
|
Batting: RHB Tatsunori Ishigaki
|
0-0: Called Strike 0-1: Ball 1-1: TRIPLE (Line Drive, 89XD, EV 101.2 MPH)
|
|
Batting: RHB Dennis Bennett
|
0-0: Ball 1-0: SINGLE (Line Drive, 4MD, EV 98.8 MPH) Tatsunori Ishigaki scores
|
|
Batting: LHB Orlando Hurtado
|
0-0: Ball Dennis Bennett is caught stealing 2nd base 2-6 1-0: Ball 2-0: Ground out 6-3 (Groundball, 6, EV 101.2 MPH)
|
|
Batting: RHB Isaac Washington
|
0-0: Swinging Strike 0-1: Foul Ball, location: 2F 0-2: Ball 1-2: SINGLE (Line Drive, 5D, EV 100.0 MPH)
|
|
Batting: RHB Alex Montiel
|
0-0: Called Strike 0-1: Ball 1-1: Swinging Strike 1-2: Ball 2-2: Foul Ball, location: 2F 2-2: Ball 3-2: Strikes out swinging
|
| Bottom of the 1st over - 1 run, 3 hits, 0 errors, 1 left on base; Florida State University 1 - Coastal Carolina University 1 |
| TOP OF THE 2ND |
|
Florida State University Seminoles batting - Pitching for Coastal Carolina University Chanticleers : RHP Oscar Fajardo
|
|
Batting: RHB Tony Valdez
|
0-0: Called Strike 0-1: Swinging Strike 0-2: Ball 1-2: Foul Ball, location: 2F 1-2: Ball 2-2: Strikes out swinging
|
|
Batting: SHB Jason Farr
|
0-0: Ground out 4-3 (Groundball, 4, EV 97.5 MPH)
|
|
Batting: RHB Butch Huskey
|
0-0: Called Strike 0-1: Foul Ball, location: 2F 0-2: Strikes out swinging
|
| Top of the 2nd over - 0 runs, 0 hits, 0 errors, 0 left on base; Florida State University 1 - Coastal Carolina University 1 |
| BOTTOM OF THE 2ND |
|
Coastal Carolina University Chanticleers batting - Pitching for Florida State University Seminoles : RHP Alex Navarro
|
|
Batting: RHB Mark Tart
|
0-0: Ball 1-0: Foul Ball, location: 2F 1-1: Ball 2-1: Ball 3-1: Swinging Strike 3-2: Foul Ball, location: 2F 3-2: Strikes out swinging
|
|
Batting: RHB Fernando Tovar
|
0-0: Called Strike 0-1: Swinging Strike 0-2: Ball 1-2: Strikes out swinging
|
|
Batting: LHB Justin Sanders
|
0-0: Ground out U3 (Groundball, 23, EV 85.6 MPH)
|
| Bottom of the 2nd over - 0 runs, 0 hits, 0 errors, 0 left on base; Florida State University 1 - Coastal Carolina University 1 |
| TOP OF THE 3RD |
|
Florida State University Seminoles batting - Pitching for Coastal Carolina University Chanticleers : RHP Oscar Fajardo
|
|
Batting: RHB Terry Cisneros
|
0-0: Ball 1-0: Called Strike 1-1: Ball 2-1: Fly out, F9 (Flyball, 9S, EV 90.0 MPH)
|
|
Batting: RHB Emilio Guerra
|
0-0: SINGLE (Line Drive, 7S, EV 103.8 MPH)
|
|
Batting: RHB Larry Berge
|
0-0: Foul Ball, location: 2F 0-1: Ball 1-1: Ball 2-1: Foul Ball, location: 2F 2-2: Ball 3-2: Strikes out swinging
|
|
Batting: RHB Ray Johnson
|
0-0: Called Strike Emilio Guerra is caught stealing 2nd base 2-4
|
| Top of the 3rd over - 0 runs, 1 hit, 0 errors, 0 left on base; Florida State University 1 - Coastal Carolina University 1 |
| BOTTOM OF THE 3RD |
|
Coastal Carolina University Chanticleers batting - Pitching for Florida State University Seminoles : RHP Alex Navarro
|
|
Batting: RHB Rene Napoles
|
0-0: Ball 1-0: Foul Ball, location: 2F 1-1: Ground out 5-3 (Groundball, 56, EV 93.8 MPH)
|
|
Batting: RHB Tatsunori Ishigaki
|
0-0: Ball 1-0: Called Strike 1-1: Swinging Strike 1-2: Strikes out swinging
|
|
Batting: RHB Dennis Bennett
|
0-0: Ball 1-0: Fly out, F8 (Flyball, 8LM, EV 86.2 MPH)
|
| Bottom of the 3rd over - 0 runs, 0 hits, 0 errors, 0 left on base; Florida State University 1 - Coastal Carolina University 1 |
| TOP OF THE 4TH |
|
Florida State University Seminoles batting - Pitching for Coastal Carolina University Chanticleers : RHP Oscar Fajardo
|
|
Batting: RHB Ray Johnson
|
0-0: Ball 1-0: Ball 2-0: Foul Ball, location: 2F 2-1: Fly out, F6 (Popup, 6MD, EV 57.5 MPH)
|
|
Batting: LHB Ethan Ware
|
0-0: Ball 1-0: Foul Ball, location: 2F 1-1: Ball 2-1: Ground out U3 (Groundball, 3, EV 86.2 MPH)
|
|
Batting: RHB Ed Vilches
|
0-0: Foul Ball, location: 2F 0-1: Foul Ball, location: 2F 0-2: Strikes out swinging
|
| Top of the 4th over - 0 runs, 0 hits, 0 errors, 0 left on base; Florida State University 1 - Coastal Carolina University 1 |
| BOTTOM OF THE 4TH |
|
Coastal Carolina University Chanticleers batting - Pitching for Florida State University Seminoles : RHP Alex Navarro
|
|
Batting: LHB Orlando Hurtado
|
0-0: Called Strike 0-1: Ball 1-1: Ball 2-1: Foul Ball, location: 2F 2-2: Ball 3-2: SINGLE (Groundball, 4D, EV 101.2 MPH)
|
|
Batting: RHB Isaac Washington
|
0-0: Foul Ball, location: 2F 0-1: Foul Ball, location: 2F 0-2: Foul Ball, location: 2F 0-2: Grounds into double play, 4-6-3 (Groundball, 4, EV 89.4 MPH)
|
|
Batting: RHB Alex Montiel
|
0-0: Swinging Strike 0-1: Foul Ball, location: 2F 0-2: Ball 1-2: Fly out, F4 (Line Drive, 4, EV 70.0 MPH)
|
| Bottom of the 4th over - 0 runs, 1 hit, 0 errors, 0 left on base; Florida State University 1 - Coastal Carolina University 1 |
| TOP OF THE 5TH |
|
Florida State University Seminoles batting - Pitching for Coastal Carolina University Chanticleers : RHP Oscar Fajardo
|
|
Batting: RHB Tony Valdez
|
0-0: Ball 1-0: SINGLE (Groundball, 34D, EV 100.6 MPH)
|
|
Batting: SHB Jason Farr
|
0-0: Swinging Strike Tony Valdez is caught stealing 2nd base 2-6 0-1: Ground out U3 (Groundball, 3D, EV 99.4 MPH)
|
|
Batting: RHB Butch Huskey
|
0-0: Swinging Strike 0-1: Swinging Strike 0-2: Strikes out looking
|
| Top of the 5th over - 0 runs, 1 hit, 0 errors, 0 left on base; Florida State University 1 - Coastal Carolina University 1 |
| BOTTOM OF THE 5TH |
|
Coastal Carolina University Chanticleers batting - Pitching for Florida State University Seminoles : RHP Alex Navarro
|
|
Batting: RHB Mark Tart
|
0-0: Fly out, F8 (Flyball, 8LXD, EV 91.2 MPH)
|
|
Batting: RHB Fernando Tovar
|
0-0: Ball 1-0: Swinging Strike 1-1: Swinging Strike 1-2: Strikes out swinging
|
|
Batting: LHB Justin Sanders
|
0-0: Swinging Strike 0-1: Ball 1-1: Foul Ball, location: 2F 1-2: Strikes out swinging
|
| Bottom of the 5th over - 0 runs, 0 hits, 0 errors, 0 left on base; Florida State University 1 - Coastal Carolina University 1 |
| TOP OF THE 6TH |
|
Florida State University Seminoles batting - Pitching for Coastal Carolina University Chanticleers : RHP Oscar Fajardo
|
|
Batting: RHB Terry Cisneros
|
0-0: Foul Ball, location: 2F 0-1: Called Strike 0-2: Strikes out swinging
|
|
Batting: RHB Emilio Guerra
|
0-0: Ball 1-0: Swinging Strike 1-1: Ball 2-1: Ball 3-1: Foul Ball, location: 2F 3-2: Ground out 6-3 (Groundball, 6, EV 80.0 MPH)
|
|
Batting: RHB Larry Berge
|
0-0: Called Strike 0-1: Ball 1-1: Ground out 6-3 (Groundball, 56D, EV 101.2 MPH)
|
| Top of the 6th over - 0 runs, 0 hits, 0 errors, 0 left on base; Florida State University 1 - Coastal Carolina University 1 |
| BOTTOM OF THE 6TH |
|
Coastal Carolina University Chanticleers batting - Pitching for Florida State University Seminoles : RHP Alex Navarro
|
|
Batting: RHB Rene Napoles
|
0-0: Ball 1-0: Ball 2-0: Called Strike 2-1: Ball 3-1: Swinging Strike 3-2: Strikes out swinging
|
|
Batting: RHB Tatsunori Ishigaki
|
0-0: Called Strike 0-1: Called Strike 0-2: Ball 1-2: Foul Ball, location: 2F 1-2: Foul Ball, location: 2F 1-2: Foul Ball, location: 2F 1-2: Fly out, F8 (Line Drive, 8LM, EV 93.1 MPH)
|
|
Batting: RHB Dennis Bennett
|
0-0: Ball 1-0: Ball 2-0: Called Strike 2-1: Called Strike 2-2: Ball 3-2: Strikes out swinging
|
| Bottom of the 6th over - 0 runs, 0 hits, 0 errors, 0 left on base; Florida State University 1 - Coastal Carolina University 1 |
| TOP OF THE 7TH |
|
Florida State University Seminoles batting - Pitching for Coastal Carolina University Chanticleers : RHP Oscar Fajardo
|
|
Batting: RHB Ray Johnson
|
0-0: Called Strike 0-1: Ground out 6-3 (Groundball, 6, EV 85.6 MPH)
|
|
Batting: LHB Ethan Ware
|
0-0: Ball 1-0: Ball 2-0: Ball 3-0: Base on Balls
|
|
Batting: RHB Ed Vilches
|
0-0: Called Strike Ethan Ware steals 2nd base 0-1: Foul Ball, location: 2F 0-2: Foul Ball, location: 2F 0-2: Foul Ball, location: 2F 0-2: Ground out 6-3 (Groundball, 6, EV 92.5 MPH)
|
|
Batting: RHB Tony Valdez
|
0-0: Ball 1-0: Called Strike 1-1: Swinging Strike 1-2: SINGLE (Line Drive, 89S, EV 103.1 MPH) Ethan Ware to third
|
|
Batting: SHB Jason Farr
|
0-0: Ball 1-0: Called Strike 1-1: Called Strike 1-2: Ball 2-2: Foul Ball, location: 2F 2-2: Strikes out swinging
|
| Top of the 7th over - 0 runs, 1 hit, 0 errors, 2 left on base; Florida State University 1 - Coastal Carolina University 1 |
| BOTTOM OF THE 7TH |
|
Coastal Carolina University Chanticleers batting - Pitching for Florida State University Seminoles : RHP Alex Navarro
|
|
Pitching: LHP Carlo Pond
|
|
|
Batting: LHB Orlando Hurtado
|
0-0: Ground out 1-3 (Groundball, 13S, EV 65.0 MPH)
|
|
Batting: RHB Isaac Washington
|
0-0: Ball 1-0: Ball 2-0: Called Strike 2-1: Ball 3-1: Called Strike 3-2: Fly out, F7 (Flyball, 78S, EV 78.8 MPH)
|
|
Batting: RHB Alex Montiel
|
0-0: Foul Ball, location: 2F 0-1: Ground out 4-3 (Groundball, 4, EV 103.8 MPH)
|
| Bottom of the 7th over - 0 runs, 0 hits, 0 errors, 0 left on base; Florida State University 1 - Coastal Carolina University 1 |
| TOP OF THE 8TH |
|
Florida State University Seminoles batting - Pitching for Coastal Carolina University Chanticleers : RHP Oscar Fajardo
|
|
Pitching: RHP Mitsuaki Fukunaga
|
|
|
Batting: RHB Butch Huskey
|
0-0: Ball 1-0: Fly out, F8 (Flyball, 78XD, EV 89.4 MPH)
|
|
Batting: RHB Terry Cisneros
|
0-0: Called Strike 0-1: Swinging Strike 0-2: Ball 1-2: Ball 2-2: Strikes out looking
|
|
Batting: RHB Emilio Guerra
|
0-0: Ball 1-0: Foul Ball, location: 2F 1-1: Ball 2-1: Called Strike 2-2: Strikes out swinging
|
| Top of the 8th over - 0 runs, 0 hits, 0 errors, 0 left on base; Florida State University 1 - Coastal Carolina University 1 |
| BOTTOM OF THE 8TH |
|
Coastal Carolina University Chanticleers batting - Pitching for Florida State University Seminoles : LHP Carlo Pond
|
|
Batting: RHB Mark Tart
|
0-0: SOLO HOME RUN (Line Drive, 7D, EV 103.1 MPH), Distance : 378 ft
|
|
Batting: RHB Fernando Tovar
|
0-0: Ball 1-0: Called Strike 1-1: Foul Ball, location: 2F 1-2: Ball 2-2: Foul Ball, location: 2F 2-2: SINGLE (Groundball, 34D, EV 110.6 MPH)
|
|
Batting: LHB Justin Sanders
|
0-0: Ball 1-0: Bunted foul 1-1: Sac Bunt to 23 - play at first, batter OUT! 3-4 Fernando Tovar to second
|
|
Batting: RHB Rene Napoles
|
0-0: Ground out 4-3 (Groundball, 4, EV 105.6 MPH) Fernando Tovar to third
|
|
Batting: RHB Tatsunori Ishigaki
|
0-0: Foul Ball, location: 2F 0-1: Called Strike 0-2: Ball 1-2: Strikes out swinging
|
| Bottom of the 8th over - 1 run, 2 hits, 0 errors, 1 left on base; Florida State University 1 - Coastal Carolina University 2 |
| TOP OF THE 9TH |
|
Florida State University Seminoles batting - Pitching for Coastal Carolina University Chanticleers : RHP Mitsuaki Fukunaga
|
|
Pitching: RHP Tetsuaki Nakamura
|
|
|
Now at 1B: Nate Kokx
|
|
|
Now in LF: Chris McDaniel
|
|
|
Batting: RHB Larry Berge
|
0-0: Called Strike 0-1: Ball 1-1: Foul Ball, location: 2F 1-2: Foul Ball, location: 2F 1-2: Foul Ball, location: 2F 1-2: Strikes out swinging
|
|
Batting: RHB Ray Johnson
|
0-0: Called Strike 0-1: Foul Ball, location: 2F 0-2: Ball 1-2: Ground out 4-3 (Groundball, 4, EV 102.5 MPH)
|
|
Batting: LHB Ethan Ware
|
0-0: Ball 1-0: Called Strike 1-1: Ground out 4-3 (Groundball, 34S, EV 90.0 MPH)
|
| Top of the 9th over - 0 runs, 0 hits, 0 errors, 0 left on base; Florida State University 1 - Coastal Carolina University 2 |
|